 Dungeon Crawl Stone Soup version 0.18-a0-1027-g814d7dd (console) character file.

315 bli the Ducker (level 6, -1/47 HPs)
             Began as a Merfolk Skald on Jan 8, 2016.
             Slain by a gnoll
             ... wielding a +1 vampiric halberd
              (10 damage)
             ... on level 4 of the Dungeon.
             The game lasted 00:12:21 (2933 turns).

bli the Ducker (Merfolk Skald)                      Turns: 2933, Time: 00:12:21

Health: -1/47      AC:  4    Str: 12    XL:     6   Next: 43%
Magic:  18/19      EV: 14    Int: 11    God:
Gold:   200        SH:  0    Dex: 16    Spells: 2 memorised, 8 levels left

rFire  . . .     SeeInvis .     a - +0 trident
rCold  . . .     Gourm    .     b - +0 leather armour
rNeg   . . .     Faith    .     (no shield)
rPois  .         Spirit   .     (no helmet)
rElec  .         Dismiss  .     (no cloak)
rCorr  .         Reflect  .     s - +0 pair of gloves
SustAt .         Harm     .     (no boots)
MR     .....                    f - amulet of mana regeneration
Stlth  ++........               (no ring)
                                h - ring of magical power

@: infused, not resistant to hostile enchantments, unstealthy
A: change form in water, swift swim
a: no special abilities


You were on level 4 of the Dungeon.
You were not hungry.

You visited 1 branch of the dungeon, and saw 4 of its levels.

You collected 200 gold pieces.

Inventory:

Hand Weapons
 a - a +0 trident (weapon)
 p - a +0 spear
Missiles
 l - 93 stones
 v - 7 poisoned javelins (quivered)
Armour
 b - a +0 leather armour (worn)
 s - a +0 pair of gloves (worn)
Jewellery
 f - an amulet of mana regeneration (around neck)
 h - a ring of magical power (left hand)
 n - an uncursed ring of fire
Scrolls
 g - 4 scrolls of identify {unknown}
 i - a scroll of noise {unknown}
 k - 2 scrolls of blinking {unknown}
 m - a scroll of amnesia {unknown}
 q - a scroll of remove curse {unknown}
 u - a scroll of magic mapping {unknown}
 x - a scroll of immolation {unknown}
Potions
 e - a potion of magic {unknown}
 t - a potion of curing {unknown}
 w - a potion of heal wounds {unknown}
Books
 c - a book of Battle

   Spells                             Type                      Level
   a - Infusion                       Charms                       1
   b - Shroud of Golubria             Charms/Translocation         2
   c - Song of Slaying                Charms                       2
   d - Spectral Weapon                Hexes/Charms                 3
   e - Regeneration                   Charms/Necromancy            3
Comestibles
 d - 2 bread rations
 j - 2 chunks of flesh
 o - 2 meat rations
 r - 3 fruits


   Skills:
 + Level 3.4 Fighting
 * Level 4.4 Polearms
 - Level 1.0 Armour
 + Level 4.7 Dodging
 + Level 1.7 Stealth
 + Level 3.2 Spellcasting
 + Level 3.6 Charms


You had 8 spell levels left.
You knew the following spells:

 Your Spells              Type           Power        Failure   Level  Hunger
a - Infusion              Chrm           #.....       10%         1    #......
b - Song of Slaying       Chrm           #.......     14%         2    ###....


Dungeon Overview and Level Annotations

Branches:
Dungeon (4/15)
 Temple: D:4-7

Altars:
Ashenzari


Message History

Attack whom?
Press: ? - help, Dir - move target cursor, f - gnoll
Aim: a gnoll, wielding a vampiric halberd You reach to attack!
You closely miss the gnoll.
The gnoll hits you from afar with a vampiric halberd!
The gnoll hits you with a vampiric halberd!
The gnoll shouts!
The gnoll shouts!
You hit the gnoll.
The gnoll is lightly wounded.
The gnoll misses you. The gnoll barely misses you.
The gnoll hits you from afar with a vampiric halberd.
* * * LOW HITPOINT WARNING * * *
The gnoll draws strength from your injuries!
You hit the gnoll.
The gnoll is lightly wounded.
The gnoll hits you with a whip.
* * * LOW HITPOINT WARNING * * *
The gnoll hits you from afar with a vampiric halberd!
You die...

#.....#........######
#.....#........#....
#.....#........#.....
#####'#........#....
#.....#######'##...######
.#.............##.g.##...#
..#.............#........#
..#..<..........#........#
.##....##......##gg>.....#
.##....##......##g..(....#
........'.......@........#
...>....#................#
........#...............(#
.####..###.....###..##...#
.####..# #.....# #########
....#...'........#
....#...#........#
....#...#........# ...###
##'###..## ...### .. ####
.....# ...


You could see 4 gnolls.

Vanquished Creatures
  A hound (D:4)
  An orc priest (D:4)
  A giant frog skeleton (D:4)
  An orc wizard (D:3)
  2 iguanas (D:4)
  A worker ant (D:4)
  7 adders
  An ooze (D:2)
  A worm (D:2)
  3 giant geckos
  5 orcs
  7 bats
  8 goblins
  2 hobgoblins (D:1)
  3 jackals (D:1)
  5 kobolds
  A quokka (D:2)
  A ball python (D:1)
  3 giant newts
  2 rats (D:1)
56 creatures vanquished.

Notes
Turn   | Place    | Note
--------------------------------------------------------------
     0 | D:1      | bli the Merfolk Skald began the quest for the Orb.
     0 | D:1      | Reached XP level 1. HP: 16/16 MP: 3/3
   110 | D:1      | Reached XP level 2. HP: 9/23 MP: 1/5
   359 | D:1      | You fall through a shaft!
   555 | D:2      | Reached XP level 3. HP: 23/28 MP: 6/6
   573 | D:2      | Reached skill level 1 in Armour
  1097 | D:1      | Reached XP level 4. HP: 19/34 MP: 8/8
  1560 | D:3      | Reached skill level 1 in Stealth
  1903 | D:4      | Found a shattered altar of Ashenzari.
  1939 | D:4      | Reached XP level 5. HP: 15/41 MP: 9/9
  2265 | D:4      | Reached skill level 4 in Dodging
  2707 | D:4      | Reached XP level 6. HP: 44/47 MP: 10/10
  2754 | D:4      | Learned a level 2 spell: Song of Slaying
  2933 | D:4      | Slain by a gnoll

Vault maps used:
D:1:      dpeg_arrival_leaves_temple_mockup
D:4:      first_bread, cheibrodos_ashenzari_chains

Action                   |  1- 3 |  4- 6 || total
-------------------------+-------+-------++-------
Melee: Spear             |   121 |    30 ||   151
       Trident           |       |    98 ||    98
Throw: Javelin           |       |     1 ||     1
 Cast: Infusion          |    14 |    20 ||    34
  Use: Potion            |       |     2 ||     2
 Stab: Sleeping          |     1 |     3 ||     4
  Eat: Chunk             |     1 |     6 ||     7
